 Dungeon Crawl Stone Soup version 0.29-a0-219-g0a02b1cf4f (webtiles) character file.

Game seed: 15346365733645063244

836 Rennog the Thaumaturge (level 7, -1/36 HPs)
             Began as a Deep Elf Hedge Wizard on Feb 25, 2022.
             Was an Initiate of Sif Muna.
             Slain by a wraith (12 damage)
             ... on level 7 of the Dungeon.
             The game lasted 00:16:31 (5812 turns).

Rennog the Thaumaturge (Deep Elf Hedge Wizard)      Turns: 5812, Time: 00:16:31

Health: -1/36      AC:  3    Str:  7    XL:     7   Next: 66%
Magic:  6/21       EV: 17    Int: 21    God:    Sif Muna [......]
Gold:   255        SH:  0    Dex: 14    Spells: 13/24 levels left

rFire   + . .      SeeInvis .   o - staff of fire
rCold   . . .      Faith    .   (no shield)
rNeg    . . .      Spirit   .   b - +0 robe
rPois   .          Reflect  .   c - +0 hat
rElec   .          Harm     .   (no cloak)
rCorr   .          Rampage  .   (no gloves)
Will    +....                   g - +0 pair of boots
Stlth   ++........              (no amulet)
HPRegen 0.12/turn               f - ring of willpower
MPRegen 0.17/turn               B - +4 ring of evasion

@: on blink cooldown, slowed, very slow
A: no striking features
a: Renounce Religion


You were on level 7 of the Dungeon.
You worshipped Sif Muna.
Sif Muna was noncommittal.
You visited 1 branch of the dungeon, and saw 7 of its levels.
You also visited: Sewer.

You collected 255 gold pieces.

Inventory:

Hand Weapons
 a - a +0 dagger
Armour
 b - a +0 robe (worn)
 c - a +0 hat (worn)
 g - a +0 pair of boots (worn)
Magical Staves
 o - a staff of fire (weapon)
Jewellery
 f - a ring of willpower (left hand)
 i - a ring of see invisible
 n - a ring of protection from cold
 p - a ring of ice
 y - a ring of ice
 B - a +4 ring of evasion (right hand)
 G - a ring of magical power
Wands
 v - a wand of polymorph (8)
Scrolls
 d - 3 scrolls of identify {unknown}
 e - a scroll of immolation {unknown}
 j - 2 scrolls of enchant weapon {unknown}
 m - 3 scrolls of fear {unknown}
 r - a scroll of torment {unknown}
 u - a scroll of silence {unknown}
 x - a scroll of blinking {unknown}
 A - 2 scrolls of enchant armour {unknown}
 C - a scroll of fog {unknown}
 D - a scroll of brand weapon {unknown}
 E - a scroll of teleportation {unknown}
Potions
 h - a potion of lignification {unknown}
 k - 2 potions of curing {unknown}
 l - 3 potions of flight {unknown}
 q - a potion of haste {unknown}
 s - 3 potions of cancellation {unknown}
 t - a potion of heal wounds {unknown}
 w - a potion of magic {unknown}
 z - 2 potions of degeneration {unknown}
 F - a potion of invisibility {unknown}


   Skills:
 + Level 3.3 Dodging
 - Level 2.4 Stealth
 * Level 9.2 Spellcasting
 + Level 4.7 Conjurations
 - Level 1.1 Summonings
 - Level 1.1 Translocations
 - Level 1.0 Fire Magic
 + Level 3.3 Air Magic


You had 13 spell levels left.
You knew the following spells:

 Your Spells              Type           Power      Damage    Failure   Level
a - Magic Dart            Conj           100%       1d8       1%          1
b - Blink                 Tloc           28%        N/A       7%          2
c - Call Imp              Summ           14%        N/A       7%          2
d - Conjure Flame         Conj/Fire      32%        6-21      6%          3
e - Mephitic Cloud        Conj/Pois/Air  20%        N/A       7%          3

Your spell library contained the following spells:

 Spells                   Type           Power      Damage    Failure   Level
 Slow                     Hex            36%        N/A       7%          1
 Irradiate                Conj/Tmut      9%         3d17      58%         5
 Blade Hands              Tmut           4%         N/A       89%         5
 Dragon Form              Tmut           4%         N/A       100%        7


Dungeon Overview and Level Annotations

Branches:
Dungeon (8/15)              Sewer (visited)
 Temple: D:4-7         Lair: D:8-11

Altars:
Gozag
Okawaru
Sif Muna


Message History

You feel as though you will be slow longer.
Casting: Magic Dart (safe; 1% risk of failure)
Confirm with . or Enter, or press ? or * to list all spells.
A beastly little devil appears in a puff of flame.
Your crimson imp disappears in a puff of smoke!
The wraith closely misses you.
Casting: Call Imp (safe; 7% risk of failure)
Confirm with . or Enter, or press ? or * to list all spells.
A shadowy apparition takes form in the air.
Your crimson imp disappears in a puff of smoke!
The wraith closely misses you. The wraith hits you!
* * * LOW HITPOINT WARNING * * *
The wraith drains your vigour!
You feel as though you will be slow longer.
Casting: Call Imp (safe; 7% risk of failure)
Confirm with . or Enter, or press ? or * to list all spells.
You blink.
Your shadow imp hits the wraith.
Your shadow imp barely misses the wraith.
The wraith closely misses you.
Your shadow imp misses the wraith.
You feel stable enough to blink again. The wraith barely misses you.
There is an open door here.
Your shadow imp closely misses the wraith.
Your shadow imp hits the wraith but does no damage.
The wraith barely misses you.
Your shadow imp hits the wraith but does no damage.
The wraith hits you.
* * * LOW HITPOINT WARNING * * *
There is an open door here.
The wraith closely misses you.
Casting: Blink (safe; 7% risk of failure)
Confirm with . or Enter, or press ? or * to list all spells.
You blink.
Your shadow imp completely misses the wraith.
Your shadow imp closely misses the wraith.
Your shadow imp barely misses the wraith.
The wraith misses you.
Your shadow imp hits the wraith but does no damage.
The wraith hits you!
You die...

##################
#8........'.......
#.........#.......
#.........#.......
#........8#.......
#########'#############
#>...#....# #....#...@#
#...ยง#.5W.#
#....'....# ###########


You could see a wraith (ally target) and a friendly shadow imp (summoned).

Vanquished Creatures
  Eustachio (D:4)
  A black bear (D:4)
  A phantom (D:4)
  A bullfrog (D:3)
  An iguana (D:4)
  Ijyb (D:4)
  2 orc wizards (D:4)
  Robin (D:3)
  4 adders
  A shadow imp (D:7)
  3 orcs
  2 bats
  4 endoplasms
  4 giant cockroaches
  9 hobgoblins
  5 jackals
  5 quokkas
  6 ball pythons
  5 frilled lizards
  13 goblins
  11 kobolds
  2 rats (D:1)
83 creatures vanquished.

Vanquished Creatures (collateral kills)
  A black bear (D:4)
  A scorpion (D:4)
  A hound (D:3)
  3 adders
  4 orcs (D:4)
  3 hobgoblins
  2 jackals
  A ball python (D:3)
  A frilled lizard (D:2)
  5 goblins
  2 kobolds
24 creatures vanquished.

Vanquished Creatures (others)
  2 demonic plants (D:2)
  4 fungi (D:2)
  6 plants (D:2)
  3 withered plants (D:2)
15 creatures vanquished.

Grand Total: 122 creatures vanquished

Notes
Turn   | Place    | Note
-------+----------+-------------------------------------------
     0 | D:1      | Rennog the Deep Elf Hedge Wizard began the quest for the
                  | Orb.
     0 | D:1      | Reached XP level 1. HP: 10/10 MP: 7/7
   268 | D:1      | Reached XP level 2. HP: 15/15 MP: 2/9
   412 | D:1      | Reached skill level 5 in Spellcasting
   415 | D:1      | Learned a level 2 spell: Blink
   418 | D:1      | Learned a level 2 spell: Call Imp
  1099 | D:2      | Reached XP level 3. HP: 19/19 MP: 8/11
  1148 | D:2      | Found a faded altar of an unknown god.
  1417 | D:2      | Learned a level 3 spell: Conjure Flame
  1833 | D:2      | Noticed a necrophage
  2107 | D:3      | Noticed a bullfrog
  2164 | D:3      | Reached skill level 6 in Spellcasting
  2166 | D:3      | Reached XP level 4. HP: 3/24 MP: 1/14
  2237 | D:3      | Reached skill level 1 in Fire Magic
  2244 | D:3      | Found a glowing drain.
  2312 | Sewer    | Entered a sewer
  2484 | Sewer    | Noticed Pargi
  2686 | D:3      | Found an opulent altar of Gozag.
  2868 | D:3      | Noticed Robin
  2884 | D:3      | Killed Robin
  3135 | D:3      | Killed a bullfrog
  3136 | D:3      | Reached skill level 1 in Air Magic
  3136 | D:3      | Reached XP level 5. HP: 28/28 MP: 5/16
  3255 | D:3      | Learned a level 3 spell: Mephitic Cloud
  3401 | D:4      | Noticed a phantom
  3466 | D:4      | Noticed Eustachio
  3482 | D:4      | Killed Eustachio
  3483 | D:4      | Reached skill level 7 in Spellcasting
  3483 | D:4      | Reached XP level 6. HP: 22/32 MP: 3/18
  3647 | D:4      | Reached skill level 8 in Spellcasting
  3883 | D:4      | Noticed Ijyb
  4200 | D:4      | Reached XP level 7. HP: 30/36 MP: 11/20
  4476 | D:4      | Reached skill level 9 in Spellcasting
  4812 | D:4      | Killed Ijyb
  5102 | D:4      | Found an iron altar of Okawaru.
  5102 | D:4      | Found a shimmering blue altar of Sif Muna.
  5262 | D:4      | Became a worshipper of Sif Muna the Loreminder
  5277 | D:5      | Entered Level 5 of the Dungeon
  5408 | D:5      | You fall into a shaft and drop 3 floors!
  5784 | D:7      | Noticed a wraith
  5812 | D:7      | Slain by a wraith

Illustrated notes

Levels and vault maps discovered:
D:1:      nzn_arrival_settlement, layout_rooms, dk_noncrumbling_3
D:2:      layout_loops_corners, shapermc_ecumenical_altar_gd
D:3:      cheibrodos_helix_gallery, layout_basic,
          nicolae_overflow_crystal_walls, portal_sewer_entry_d, uniq_robin
D:4:      layout_rooms, amethyst_overflow_temple_binary,
          minmay_increasing_density, uniq_ijyb, uniq_eustachio
D:5:      kennysheep_spiral_hall, layout_loops_ring, water_maze_lemuel
D:7:      minmay_klotski, layout_basic, nicolae_ru_sacrificial_ziggurat,
          mainiacjoe_overflow_brackets, minmay_temple_entry_butterflies,
          kennysheep_nondescript
D:8:      layout_loops_corners, lemuel_round_altar,
          mainiacjoe_overflow_boulevard, grunt_potential, uniq_maurice

Skill      XL: |  1  2  3  4  5  6  7 |
---------------+----------------------+-----
Spellcasting   | 5 6 7 8 9 |  9.2
Conjurations   | 2 3 4 |  4.7
Fire Magic     | 1 |  1.0
Air Magic      | 1 2 3 |  3.3
Dodging        | 3 |  3.3
Stealth        | |  2.4
Summonings     | |  1.1
Translocations | |  1.1

Action                   |  1- 3 |  4- 6 |  7- 9 || total
-------------------------+-------+-------+-------++-------
 Cast: Magic Dart        |    95 |   118 |    93 ||   306
       Call Imp          |     6 |    15 |    13 ||    34
       Blink             |     4 |     7 |     4 ||    15
       Conjure Flame     |     2 |       |     1 ||     3
       Mephitic Cloud    |       |     5 |     2 ||     7
Armor: Robe              |     1 |    16 |     6 ||    23
Dodge: Dodged            |    17 |    26 |    37 ||    80

Table legend: (Time is in decaauts)
 A = Elapsed time spent in this place.
 B = Non-inter-level travel time spent in this place.
 C = Inter-level travel time spent in this place.
 D = Time resting spent in this place.
 E = Time spent auto-exploring this place.
 F = Levels seen in this place.
 G = Mean time per level.
                   A        B        C        D        E       F      G
               +--------+--------+--------+--------+--------+-----+--------+
         Total |   5833 |   5436 |    397 |    379 |   4110 |   8 |  729.1 |
       Dungeon |   5651 |   5254 |    397 |    379 |   3945 |   7 |  807.3 |
         Sewer |    182 |    182 |      0 |      0 |    165 |   1 |  182.0 |
               +--------+--------+--------+--------+--------+-----+--------+

Top non-repeatable levels by time:
     D:3: 1560 daAuts
     D:4: 1505 daAuts
     D:2: 1242 daAuts
     D:1: 820 daAuts
     D:8: 278 daAuts
   Sewer: 182 daAuts
     D:7: 134 daAuts
     D:5: 110 daAuts
